Cogmind - Beta 16.1 @@@ ROGUE MODE // 2026.04.15 @ 19:09:39 Player: Parkagirl Result: Destroyed by G-47 Trooper with Particle Gun Performance ------------- Evolutions (0) 0 Regions Visited (2) 400 Robots Destroyed (19) 95 Value Destroyed (328) 328 Prototype IDs (0) 0 Alien Tech Used (0) 0 Bonus (0) 0 TOTAL SCORE: 823 Bonus ------- None Cogmind --------- Core Integrity 0/250 Matter 275/300 Energy 250/250 System Corruption 0% Temperature Cool (9) Movement Treading (160) Location -10/Mines Parts ------- > --- POWER (1) -------- Ion Engine > --- PROPULSION (2) --- Light Treads Light Treads > --- UTILITY (2) ------ Scrap Suit > --- WEAPON (2) ------- Assault Rifle Grenade Launcher > --- INVENTORY (5) ---- Wheel Wheel Wheel Small Storage Unit Improved Terrain Scanner Peak State ------------ > --- POWER ------------ Ion Engine > --- PROPULSION ------- Light Treads Light Treads > --- UTILITY ---------- Scrap Suit > --- WEAPON ----------- Assault Rifle Grenade Launcher > --- INVENTORY -------- Wheel Wheel Wheel [Rating: 13] Favorites ----------- Power Ion Engine Engine Ion Engine Power Core Light Nuclear Core Propulsion Aluminum Leg Treads Light Treads Leg Aluminum Leg Utility Small Storage Unit Device Improved Terrain Scanner Storage Small Storage Unit Weapon Light Assault Rifle Ballistic Gun Light Assault Rifle Launcher Grenade Launcher Build | -11 -10 -10 ------- Run | Yrd Mat Min Slots Evolved . | . . . Power . | . . . Propulsion . | . . . Utility . | . . . Weapon . | . . . Parts Attached 17 | 9 . 8 Power 3 | 2 . 1 Engine 2 | 2 . . Core 1 | . . 1 Reactor . | . . . Propulsion 5 | 2 . 3 Treads 2 | . . 2 Leg 3 | 2 . 1 Wheel . | . . . Hover . | . . . Flight . | . . . Utility 5 | 2 . 3 Device 4 | 1 . 3 Storage 1 | 1 . . Processor . | . . . Hackware . | . . . Protection . | . . . Artifact . | . . . Weapon 4 | 3 . 1 Energy Gun . | . . . Energy Cannon . | . . . Ballistic Gun 3 | 3 . . Ballistic Cannon . | . . . Launcher 1 | . . 1 Special Weapon . | . . . Impact Weapon . | . . . Slashing Weapon . | . . . Piercing Weapon . | . . . Special Melee Weapon . | . . . Unidentified Prototypes . | . . . Parts Lost 8 | . 2 6 Power 2 | . . 2 Propulsion 3 | . . 3 Utility 1 | . 1 . Weapon 2 | . 1 1 Highest Loss Streak 4 | . 2 4 To Critical Strikes . | . . . Average Backups 6 | 4 7 6 Power . | . 1 . Propulsion 4 | 3 5 4 Utility . | . . . Weapon 1 | . 1 . Tool/Special . | . . . Unused Backups 6 | . . 6 Power . | . . . Propulsion 6 | . . 6 Utility . | . . . Weapon . | . . . Tool/Special . | . . . Average Slot Usage (%) 91 | . 98 88 Engine 9 | . 14 7 Core 4 | . . 5 Treads 10 | . . 14 Leg 17 | . 28 12 Device 13 | . 12 13 Storage 12 | . 14 11 Ballistic Gun 17 | . 27 13 Launcher 5 | . . 7 Peak Build Rating 13 | 7 7 13 Average Rating 8 | 5 6 9 On Entrance 4 | . 7 5 Avg Prop Armor Cover (%) . | . . . Naked Turns . | . . . Heaviest Build 16 | 13 11 16 Greatest Support 40 | 20 20 40 Greatest Overweight (x) 2 | 2 . 1 Average Overweight (x) . | . . . Largest Inventory Capacity 8 | 8 8 8 Average Capacity 7 | 7 8 7 Most Carried 8 | 7 8 8 Average Carried 6 | 4 7 6 Final Capacity 8 | 8 8 5 Final Carried 8 | 7 8 5 Scrap Suit Usage (%) 8 | . . 14 Class Distribution -------------------- 90% | Mutant 9% | Scrapper Dominant Class ---------------- Mutant | -10/Materials Mutant | -10/Mines Resources | -11 -10 -10 ----------- Run | Yrd Mat Min Matter Collected 482 | 306 24 152 Remotely . | . . . Salvage Created 397 | 77 87 233 Parts 32 | 5 3 24 Haulers Intercepted . | . . . Recyclers Shooed . | . . . Parts Field Recycled . | . . . Retrieved Matter . | . . . Parts Self-Destructed . | . . . Prevented . | . . . Parts Restored . | . . . Kills | -11 -10 -10 ------- Run | Yrd Mat Min Combat Hostiles Destroyed 14 | . 4 10 Guns 9 | . 4 5 AOE 5 | . . 5 Classes Destroyed 4 | 1 2 1 Worker 1 | . . 1 Tunneler 4 | 3 . 1 Swarmer 9 | . 3 6 Grunt 5 | . 1 4 Best Kill Streak 6 | 1 3 6 Combat Bots Only 5 | . 3 5 Max Kills in Single Turn 2 | 1 1 2 Gunslinging . | . . . Exploded 2 | . . 2 Melee . | . . . Uniques/NPCs Destroyed . | . . . Combat | -11 -10 -10 -------- Run | Yrd Mat Min Hostile Shots Fired 130 | . 42 88 Missed 40 | . 13 27 Hits 90 | . 29 61 Projectile 90 | . 29 61 Damage Taken 969 | . 325 644 Core 262 | . 57 205 Absorbed by Shields . | . . . Core Remaining (%) 100 | 100 . . Volleys Fired 48 | 8 12 28 Largest 2 | 2 2 2 Hottest 50 | 40 40 50 Shots Fired 69 | 16 24 29 Gun 64 | 16 24 24 Cannon . | . . . Launcher 5 | . . 5 Special . | . . . Kinetic 64 | 16 24 24 Thermal . | . . . Explosive 5 | . . 5 Electromagnetic . | . . . Robot Hit Streak 14 | 6 11 14 Robot Miss Streak 3 | 2 3 2 Penetration Max . | . . . Secondary Targets . | . . . Shots Hit Robots 50 | 11 17 22 Core Hits 35 | 5 8 22 Critical Kills 1 | . . 1 Critical Parts Destroyed . | . . . Critical Strikes 1 | . . 1 Destroy 1 | . . 1 Melee Attacks . | . . . Impact . | . . . Slashing . | . . . Piercing . | . . . Sneak Attacks . | . . . Combat Hostiles . | . . . Follow-up Attacks . | . . . Damage Inflicted 847 | 82 151 614 Guns 403 | 82 151 170 Cannons . | . . . Explosions 444 | . . 444 Melee . | . . . Ramming . | . . . Kinetic 403 | 82 151 170 Thermal . | . . . Explosive 444 | . . 444 Electromagnetic . | . . . Impact . | . . . Slashing . | . . . Piercing . | . . . Highest Corruption . | . . . Average Corruption . | . . . Corruption Purged . | . . . Corruption Blocked . | . . . Overload Shots . | . . . Overflow Damage 9 | . . 9 Projectiles . | . . . Explosions 9 | . . 9 Melee . | . . . Knockbacks . | . . . Impact . | . . . Kinetic . | . . . Secondary . | . . . Self-Inflicted Damage . | . . . Shots . | . . . Rammed . | . . . Targets Rammed . | . . . Kicked . | . . . Crushed . | . . . Highest Temperature 18 | . 18 15 Average Temperature 10 | . 10 11 Received Heat Transfer 291 | . 156 135 Siege Activations . | . . . Martial Activations . | . . . Shielding Activations . | . . . Robots Disrupted . | . . . Combat Hostiles . | . . . Robots Corrupted . | . . . Combat Hostiles . | . . . Parts Fried . | . . . Impact Corruptions . | . . . Robots Melted . | . . . Combat Hostiles . | . . . Parts Melted . | . . . Heat Transferred . | . . . Parts Sabotaged . | . . . Parts Stolen . | . . . Parts Stripped . | . . . Power Chain Reactions . | . . . Alert | -11 -10 -10 ------- Run | Yrd Mat Min Maximum Alert Level . | . . . Low Security (%) 100 | 100 100 100 Level 1 . | . . . Level 2 . | . . . Level 3 . | . . . Level 4 . | . . . Level 5 . | . . . High Security . | . . . Max Security . | . . . Peak Influence 171 | 5 90 171 Initial 10 | . . 10 Average 47 | . 32 69 Influence Increases 422 | 15 107 300 Destroy 0b10 Robot/C 280 | . 80 200 Destroy 0b10 Robot/NC 25 | 15 . 10 Destroy Leader 60 | . 20 40 Successful Hack 7 | . 7 . Destroy Structure 20 | . . 20 Lose Combat Pursuer 30 | . . 30 Influence Decreases 337 | 15 80 242 Entered New Map 17 | . . 17 Time Decay 280 | 15 60 205 Lost Part 40 | . 20 20 Squads Dispatched 2 | . 2 . Investigation 1 | . 1 . Extermination . | . . . Reinforcement 1 | . 1 . Assault . | . . . Garrison . | . . . Intercept . | . . . Searches Triggered . | . . . Construction Impeded . | . . . Haulers Reinforced . | . . . Active Scanning Responses . | . . . Cargo Convoy Interrupts . | . . . Stealth | -11 -10 -10 --------- Run | Yrd Mat Min Distress Signals . | . . . Communications Jammed . | . . . Distress Signals . | . . . Times Spotted 28 | . 14 14 Peak Tracking Total 6 | . 6 5 Tactical Retreats 1 | . . 1 Traps | -11 -10 -10 ------- Run | Yrd Mat Min Traps Triggered 2 | . 1 1 Indirectly . | . . . Trap Hack Attempts . | . . . Triggered . | . . . Disarmed 5 | . 5 . Reprogrammed . | . . . Reused . | . . . Traps Extracted . | . . . Installed . | . . . Triggered . | . . . Machines | -11 -10 -10 ---------- Run | Yrd Mat Min Machines Disabled . | . . . Max in Single Turn . | . . . Machines Repaired . | . . . Machines Dismantled . | . . . Machines Sabotaged . | . . . Overloaded Fab Kills . | . . . Hacking | -11 -10 -10 --------- Run | Yrd Mat Min Machines Accessed 3 | . 2 1 Terminals 2 | . 2 . Fabricators . | . . . Repair Stations . | . . . Recycling Units . | . . . Scanalyzers . | . . . Garrison Access . | . . . Total Hacks 6 | . 5 1 Successful 3 | . 2 1 Failed 3 | . 3 . Catastrophic . | . . . Database Lockouts . | . . . Manual . | . . . Terminals 5 | . 5 . Fabricators . | . . . Repair Stations . | . . . Recycling Units . | . . . Scanalyzers . | . . . Garrison Access . | . . . Terminal Hacks 3 | . 2 1 Open Door 1 | . . 1 Branch Access Points 1 | . 1 . Disarm Traps 1 | . 1 . Fabricator Hacks . | . . . Repair Station Hacks . | . . . Recycling Unit Hacks . | . . . Scanalyzer . | . . . Garrison Access Hacks . | . . . Unauthorized Hacks . | . . . Terminals . | . . . Fabricators . | . . . Repair Stations . | . . . Recycling Units . | . . . Scanalyzers . | . . . Garrison Access . | . . . Data Cores Recovered . | . . . Used . | . . . Hacking Detections 2 | . 2 . Full Trace Events 1 | . 1 . Feedback Events . | . . . Feedback Blocked . | . . . Robot Schematics Acquired . | . . . Robots Built . | . . . Authchips . | . . . Time . | . . . Total Robot Build Rating . | . . . Part Schematics Acquired . | . . . Parts Built . | . . . Authchips . | . . . Time . | . . . Total Part Build Rating . | . . . Part Studies Acquired . | . . . Parts Repaired . | . . . Time . | . . . Parts Recycled . | . . . Recycled Matter . | . . . Retrieved Matter . | . . . Retrieved Components . | . . . Parts Scanalyzed . | . . . Part Schematics Acquired . | . . . Parts Damaged . | . . . Bothacking | -11 -10 -10 ------------ Run | Yrd Mat Min Used RIF Installer . | . . . Robots Hacked . | . . . Non-combat . | . . . Combat . | . . . Robot Hacks Applied . | . . . Relay Couplers Released . | . . . Fabnet Peak Effective % . | . . . Robots Rewired . | . . . Allies Hacked . | . . . Hacks Repelled . | . . . Allies | -11 -10 -10 -------- Run | Yrd Mat Min Total Allies . | . . . Largest Group . | . . . Highest-Rated Group . | . . . Highest-Rated Ally . | . . . Total Orders . | . . . Ally Attacks . | . . . Total Damage . | . . . Kills . | . . . Allies Corrupted . | . . . Allies Melted . | . . . Intel | -11 -10 -10 ------- Run | Yrd Mat Min Active Infowar (turns) 607 | 40 227 340 Terrain 340 | . . 340 Seismic 267 | 40 227 . Robot Analysis Total . | . . . Derelict Logs Recovered . | . . . Drone Launches . | . . . Drone Recoveries . | . . . Exploration | -11 -10 -10 ------------- Run | Yrd Mat Min Turns Passed 1049 | 207 246 596 Spaces Moved 683 | 137 172 374 Core 9 | 9 . . Treads 176 | . . 176 Legs 498 | 128 172 198 Wheels . | . . . Hover . | . . . Flight . | . . . Fastest Speed 50 | 50 120 120 Average Speed 130 | 121 120 139 Slowest Speed 190 | 190 120 190 Overloaded Moves . | . . . Propulsion Burnouts . | . . . Robots Hopped . | . . . Potential Cave-ins . | . . . Cave-ins Triggered . | . . . Exploration Rate (%) 34 | 4 30 70 Regions Visited 2 Branch Regions 1 Pre-discovered Areas . | . . . Known Exits Taken 1 | . 1 . Unknown Exits Taken 1 | 1 . . Scrap Searched . | . . . Spaces Dug . | . . . Terrain Destroyed 22 | . . 22 Melee . | . . . Projectile . | . . . AOE 22 | . . 22 Terrain Rammed . | . . . Walls Destroyed . | . . . Machines Disabled . | . . . Actions | -11 -10 -10 --------- Run | Yrd Mat Min Total 779 | 161 192 426 Wait 8 | . 8 . Move 681 | 136 171 374 Hop . | . . . Pick Up 15 | 7 1 7 Fast Attach 11 | 7 . 4 Attach 7 | 1 . 6 Detach 1 | 1 . . Swap 1 | 1 . . Drop 7 | . . 7 Fire 48 | 8 12 28 Melee . | . . . Ram . | . . . Kick . | . . . Crush . | . . . Escape Stasis . | . . . Rewire . | . . . Trap . | . . . Miscellaneous . | . . . Route ------- -11/Scrapyard -10/Materials (discovered 2 exits: [*Mat] / *Min) -10/Mines History --------- Turn | Location | Event 2 | -11/Scrapyard | Met Revision 17 12 | -11/Scrapyard | Discovered new exit (range 15) 208 | -11/Scrapyard | Entered Materials 304 | -10/Materials | Build established: Mutant 381 | -10/Materials | Identified exit to Mines 409 | -10/Materials | Discovered new exit (range 16) 454 | -10/Materials | Entered Mines 495 | -10/Mines | Lost 4 parts (1p1n1u1w) 726 | -10/Mines | Core integrity fell below 50% 729 | -10/Mines | Met a Derelict who couldn't figure out how to use a Trap Extractor 732 | -10/Mines | Core integrity fell below 20% 761 | -10/Mines | Lost 4 parts (1p2n1w) 895 | -10/Mines | Found a Scrap Suit stashed away for nefarious purposes 898 | -10/Mines | Found Scrap Suit 1050 | -10/Mines | Destroyed by G-47 Trooper with Particle Gun Last Messages --------------- 0b10 one day, and now we just have to find a way to safely deliver this to MAIN.C to get on their good side and convince them to let us into the system." 00898_ Acquired Scrap Suit. 00913_ T-07 Excavator is excavating. 00944_ K-01 Serf collects debris. 00960_ Dropped Flight Unit. 00961_ K-01 Serf collects debris. 00961_ Dropped Flight Unit. 00962_ Dropped Sml. Storage Unit. 00962_ Dropped Imp. Terrain Scanner. 00964_ Acquired Flight Unit. 00964_ K-01 Serf collects debris. 00966_ Acquired Imp. Terrain Scanner. 00967_ K-01 Serf collects debris. 00971_ Dropped Flight Unit. 00971_ K-01 Serf collects debris. 00971_ Acquired Sml. Storage Unit. 00974_ K-01 Serf collects debris. Map ----- +----------------------------------------------------+ | | | | | | | | | | | | | | | | | | | | | | | ?????????????????????????????????????????????????? | | #########??????####??????????????????????????????? | | # #?????## ##????????????????????????????? | | # #?????# ##???????????????????????????? | | # #?????# #???????????????????????????? | | # #??????# #???????????????????????????? | | # ######??# #???????????????????????????? | | # !! ## #?# #######??????????????????????? | | # ! ! ## ??# #??????????????????????? | | # ! ## ??## ##### #??????????????????????? | | # !! ## ???# ##???# #??????????????????????? | | # #? ???# #????# #??????????????????????? | | # #?# #???# #????# #??????????????????????? | | # = #?# #???# #????# #??????????????????????? | | # = = #?# #???# #???##@#??????????????????????? | | # #?# ##### #?#??# #??????????????????????? | | # #?# #????# #??????????????????????? | | #### ###?# #######???? ????????????????????? | | ???# #???# #?????????? ??????????????????? | | ???# #??## #?????????? ????????????????? | | #??# #### ##?####???? ????????????????? | | ???# ### ##?? ????????????????? | | ???# #??# ????????????????? | | ???####### ##?# gg?????????????????? | | ??#????## #?## ?????????????????? | | ??????## #???## ?????????????????? | | ?????## ## ##????? ???????????##????? | | ????## ##?# #?????? ????????#### ????# | | ?#?## ##?? #????? ??????? ???# | | ???# #??? ?????????????? ### | | #??# #???## ????????????????# | | ???## ##?????# ??????????????????# | | ????# ##???#???# ???????????????????# | | ????## ##?#?#?#???###???????????????????##### | | ?????## ###???? ##????????????????????????????### | | ??#???# ##?#?? #??????????????????????????????# | | ??????# #### ##??????????????????????????????# | | ??????# #???#????????????????????????????# | | ??????# ##??####????? ????????????????????# | +----------------------------------------------------+ Best States ------------- Heat Dissipation 39 Energy Generation 14 Energy Capacity 250 Matter Stores 300 Matter Capacity 300 Sight Range 16 Terrain Scan Range 16 Terrain Scan Density 10 Evasion (%) 55 Recoil Reduction 2 Item Schematics ----------------- None Robot Schematics ------------------ None Fabricated ------------ Nothing Repaired ---------- Nothing Studied --------- None Alien Tech Used ----------------- None Achievements -------------- None Challenges ------------ None Game ------ Seed ProtonTransmissionCompanion Manual? 0 Play Time 00:10:58 Cumulative 20.7 hours Start 2026.04.15 @ 15:20:17 End 2026.04.15 @ 19:09:39 Sessions 3 Manual Loads 0 Difficulty Rogue Special Mode None Game No. 38 Rogue 38 Adventurer 0 Explorer 0 Win Type - Total 0 Types 0/0/0/0/0/0/0/0/0/0 Lore% 22 Gallery% 22 Achievement% 19 Wizard Run 0 Options --------- Layout 1 ASCII 0 Keyboard 0 Movement Vi Keybinds 0 Fullscreen 1 Font 24/Proggy Map View 50x40 Zoom Use 0% Tactical HUD 1 Map Filters NONE Filters NONE Steam 1 RUN: fcaa2dfa-3380-49f2-a10b-3b963317b793